Cogmind - Beta 14 @@@ ROGUE MODE // 2024.09.02 @ 00:12:28 Player: star Result: Destroyed by XH-TRR(R) with Subdweller Laser Performance ------------- Evolutions (0) 0 Regions Visited (2) 400 Robots Destroyed (20) 100 Value Destroyed (656) 656 Prototype IDs (0) 0 Alien Tech Used (0) 0 Bonus (0) 0 TOTAL SCORE: 1156 Bonus ------- None Cogmind --------- Core Integrity 0/250 Matter 296/300 Energy 237/250 System Corruption 0% Temperature Cool (6) Movement Rolling (105) Ox1 Location -10/Subcaves Parts ------- > --- POWER (1) -------- Ion Engine > --- PROPULSION (2) --- Wheel Compact Wheel > --- UTILITY (2) ------ Scrap Shield > --- WEAPON (2) ------- Beam Cannon Barrage Gun > --- INVENTORY (5) ---- Seismic Detector Cobbler Unit Subdweller Machine Gun Multitool Peak State ------------ > --- POWER ------------ (None) > --- PROPULSION ------- Subdweller Monowheel Subdweller Monowheel > --- UTILITY ---------- Large Storage Unit Makeshift Light Armor Plating > --- WEAPON ----------- Particle Gun Beam Cannon > --- INVENTORY -------- Wheel Wheel Wheel Compact Wheel Heat Sink Structural Scanner Seismic Detector [Rating: 12] Favorites ----------- Power Ion Engine Engine Ion Engine Propulsion Wheel Wheel Wheel Utility Large Storage Unit Device Heat Sink Storage Large Storage Unit Protection Scrap Shield Weapon Medium Laser Energy Gun Medium Laser Energy Cannon Beam Cannon Ballistic Gun Assault Rifle Ballistic Cannon Battle Cannon Special Weapon Multitool Build | -11 -10 -10 ------- Run | Yrd Mat Sub Slots Evolved . | . . . Power . | . . . Propulsion . | . . . Utility . | . . . Weapon . | . . . Parts Attached 25 | 6 4 15 Power 3 | 1 1 1 Engine 3 | 1 1 1 Core . | . . . Reactor . | . . . Propulsion 7 | 2 1 4 Treads . | . . . Leg . | . . . Wheel 7 | 2 1 4 Hover . | . . . Flight . | . . . Utility 8 | 1 2 5 Device 2 | . 1 1 Storage 2 | 1 1 . Processor . | . . . Hackware . | . . . Protection 4 | . . 4 Artifact . | . . . Weapon 7 | 2 . 5 Energy Gun 2 | 1 . 1 Energy Cannon 1 | . . 1 Ballistic Gun 2 | 1 . 1 Ballistic Cannon 1 | . . 1 Launcher . | . . . Special Weapon 1 | . . 1 Impact Weapon . | . . . Slashing Weapon . | . . . Piercing Weapon . | . . . Special Melee Weapon . | . . . Unidentified Prototypes . | . . . Parts Lost 6 | . 2 4 Power 2 | . 1 1 Propulsion 1 | . 1 . Utility 1 | . . 1 Weapon 2 | . . 2 Highest Loss Streak 2 | . 2 1 To Critical Strikes . | . . . Average Slot Usage (%) 91 | . 96 86 Engine 12 | . 13 12 Wheel 27 | . 27 28 Device 8 | . 11 5 Storage 9 | . 14 4 Protection 3 | . . 8 Energy Gun 10 | . 14 6 Energy Cannon 6 | . . 13 Ballistic Gun 9 | . 14 4 Peak Build Rating 12 | 6 7 12 Average Rating 7 | 4 6 10 On Entrance 4 | . 6 7 Naked Turns . | . . . Heaviest Build 32 | 12 30 32 Greatest Support 40 | 26 26 40 Greatest Overweight (x) 2 | . 2 1 Average Overweight (x) . | . . . Largest Inventory Capacity 15 | 8 15 15 Average Capacity 11 | 5 14 8 Most Carried 7 | . 4 7 Average Carried 3 | . 2 5 Final Capacity 15 | 8 15 5 Final Carried 5 | . 4 5 Class Distribution -------------------- 82% | Mutant 14% | Scavenger-Mutant Dominant Class ---------------- Mutant | -10/Materials Mutant | -10/Subcaves Resources | -11 -10 -10 ----------- Run | Yrd Mat Sub Matter Collected 624 | 172 210 242 Remotely . | . . . Salvage Created 914 | . 405 509 Parts 51 | . 20 31 Haulers Intercepted 2 | . 2 . Recyclers Shooed . | . . . Parts Field Recycled . | . . . Retrieved Matter . | . . . Parts Self-Destructed 11 | . . 11 Prevented . | . . . Kills | -11 -10 -10 ------- Run | Yrd Mat Sub Combat Hostiles Destroyed 16 | . 6 10 Guns 12 | . 6 6 Cannons 4 | . . 4 Classes Destroyed 8 | . 4 4 Worker 1 | . 1 . Builder 1 | . 1 . Hauler 2 | . 2 . Grunt 8 | . 6 2 Sentry 1 | . . 1 Artisan 1 | . . 1 Cobbler 2 | . . 2 Subdweller 7 | . . 7 Best Kill Streak 4 | . 4 2 Combat Bots Only 2 | . 2 2 Max Kills in Single Turn 1 | . 1 1 Gunslinging . | . . . Exploded . | . . . Melee . | . . . Uniques/NPCs Destroyed . | . . . Combat | -11 -10 -10 -------- Run | Yrd Mat Sub Hostile Shots Fired 82 | . 28 54 Missed 20 | . 7 13 Damage Taken 1107 | . 276 831 Core 265 | . 65 200 Absorbed by Shields . | . . . Core Remaining (%) 100 | 100 . . Volleys Fired 79 | . 32 47 Largest 2 | . 2 2 Hottest 125 | . 70 125 Shots Fired 150 | . 64 86 Gun 105 | . 64 41 Cannon 45 | . . 45 Launcher . | . . . Special . | . . . Kinetic 43 | . 32 11 Thermal 107 | . 32 75 Explosive . | . . . Electromagnetic . | . . . Robot Hit Streak 14 | . 7 14 Robot Miss Streak 3 | . 3 2 Penetration Max . | . . . Secondary Targets 1 | . 1 . Max Gunslinging Chain 1 | . 1 . Shots Hit Robots 110 | . 40 70 Core Hits 44 | . 19 25 Critical Kills . | . . . Critical Parts Destroyed . | . . . Critical Strikes 3 | . 1 2 Burn 3 | . 1 2 Melee Attacks . | . . . Impact . | . . . Slashing . | . . . Piercing . | . . . Sneak Attacks . | . . . Combat Hostiles . | . . . Follow-up Attacks . | . . . Damage Inflicted 1600 | . 512 1088 Guns 1050 | . 505 545 Cannons 543 | . . 543 Explosions . | . . . Melee . | . . . Ramming 7 | . 7 . Kinetic 394 | . 217 177 Thermal 1199 | . 288 911 Explosive . | . . . Electromagnetic . | . . . Impact . | . . . Slashing . | . . . Piercing . | . . . Highest Corruption . | . . . Average Corruption . | . . . Corruption Purged . | . . . Corruption Blocked . | . . . Overload Shots . | . . . Overflow Damage . | . . . Projectiles . | . . . Explosions . | . . . Melee . | . . . Knockbacks . | . . . Impact . | . . . Kinetic . | . . . Secondary . | . . . Self-Inflicted Damage 3 | . 3 . Shots . | . . . Rammed 1 | . 1 . Targets Rammed 1 | . 1 . Kicked . | . . . Crushed . | . . . Highest Temperature 45 | . 45 35 Average Temperature 10 | . 14 6 Received Heat Transfer 291 | . 183 108 Siege Activations . | . . . Robots Corrupted . | . . . Combat Hostiles . | . . . Parts Fried . | . . . Impact Corruptions . | . . . Robots Melted . | . . . Combat Hostiles . | . . . Parts Melted 7 | . 1 6 Heat Transferred 3071 | . 925 2146 Parts Sabotaged . | . . . Parts Stolen . | . . . Parts Stripped . | . . . Power Chain Reactions . | . . . Alert | -11 -10 -10 ------- Run | Yrd Mat Sub Peak Influence 290 | . 290 . Initial . | . . . Average 65 | . 79 . Maximum Alert Level 1 | . 1 . Low Security (%) 91 | 100 89 . Level 1 8 | . 10 . Level 2 . | . . . Level 3 . | . . . Level 4 . | . . . Level 5 . | . . . High Security . | . . . Max Security . | . . . Squads Dispatched 2 | . 2 . Investigation . | . . . Extermination . | . . . Reinforcement 2 | . 2 . Assault . | . . . Garrison . | . . . Intercept . | . . . Searches Triggered . | . . . Construction Impeded . | . . . Haulers Reinforced . | . . . Active Scanning Responses . | . . . Cargo Convoy Interrupts . | . . . Stealth | -11 -10 -10 --------- Run | Yrd Mat Sub Distress Signals 3 | . 3 . Communications Jammed . | . . . Distress Signals . | . . . Times Spotted 22 | . 11 11 Peak Tracking Total 6 | . 6 2 Tactical Retreats 3 | . 3 . Traps | -11 -10 -10 ------- Run | Yrd Mat Sub Traps Triggered . | . . . Indirectly . | . . . Trap Hack Attempts . | . . . Triggered . | . . . Disarmed . | . . . Reprogrammed . | . . . Reused . | . . . Traps Extracted . | . . . Installed . | . . . Triggered . | . . . Machines | -11 -10 -10 ---------- Run | Yrd Mat Sub Machines Disabled 1 | . 1 . Max in Single Turn 1 | . 1 . Machines Repaired . | . . . Machines Dismantled . | . . . Machines Sabotaged . | . . . Overloaded Fab Kills . | . . . Hacking | -11 -10 -10 --------- Run | Yrd Mat Sub Machines Accessed . | . . . Terminals . | . . . Fabricators . | . . . Repair Stations . | . . . Recycling Units . | . . . Scanalyzers . | . . . Garrison Access . | . . . Total Hacks . | . . . Successful . | . . . Failed . | . . . Catastrophic . | . . . Database Lockouts . | . . . Manual . | . . . Terminals . | . . . Fabricators . | . . . Repair Stations . | . . . Recycling Units . | . . . Scanalyzers . | . . . Garrison Access . | . . . Terminal Hacks . | . . . Fabricator Hacks . | . . . Repair Station Hacks . | . . . Recycling Unit Hacks . | . . . Scanalyzer . | . . . Garrison Access Hacks . | . . . Unauthorized Hacks . | . . . Terminals . | . . . Fabricators . | . . . Repair Stations . | . . . Recycling Units . | . . . Scanalyzers . | . . . Garrison Access . | . . . Data Cores Recovered . | . . . Used . | . . . Hacking Detections . | . . . Full Trace Events . | . . . Feedback Events . | . . . Feedback Blocked . | . . . Robot Schematics Acquired . | . . . Robots Built . | . . . Authchips . | . . . Time . | . . . Total Robot Build Rating . | . . . Part Schematics Acquired . | . . . Parts Built . | . . . Authchips . | . . . Time . | . . . Total Part Build Rating . | . . . Parts Repaired . | . . . Time . | . . . Parts Recycled . | . . . Recycled Matter . | . . . Retrieved Matter . | . . . Retrieved Components . | . . . Parts Scanalyzed . | . . . Part Schematics Acquired . | . . . Parts Damaged . | . . . Bothacking | -11 -10 -10 ------------ Run | Yrd Mat Sub Used RIF Installer . | . . . Robots Hacked . | . . . Non-combat . | . . . Combat . | . . . Robot Hacks Applied . | . . . Relay Couplers Released . | . . . Fabnet Peak Effective % . | . . . Robots Rewired . | . . . Allies Hacked . | . . . Hacks Repelled . | . . . Allies | -11 -10 -10 -------- Run | Yrd Mat Sub Total Allies . | . . . Largest Group . | . . . Highest-Rated Group . | . . . Highest-Rated Ally . | . . . Total Orders . | . . . Ally Attacks . | . . . Total Damage . | . . . Kills . | . . . Allies Corrupted . | . . . Allies Melted . | . . . Intel | -11 -10 -10 ------- Run | Yrd Mat Sub Robot Analysis Total . | . . . Derelict Logs Recovered 1 | . . 1 Drone Launches . | . . . Drone Recoveries . | . . . Exploration | -11 -10 -10 ------------- Run | Yrd Mat Sub Turns Passed 2248 | 231 1101 916 Spaces Moved 1009 | 73 333 603 Core 1 | 1 . . Treads . | . . . Legs . | . . . Wheels 1008 | 72 333 603 Hover . | . . . Flight . | . . . Fastest Speed 50 | 50 90 90 Average Speed 103 | 89 99 106 Slowest Speed 120 | 100 110 120 Overloaded Moves . | . . . Propulsion Burnouts . | . . . Robots Hopped . | . . . Cave-ins Triggered . | . . . Exploration Rate (%) 35 | 9 58 40 Regions Visited 2 Branch Regions 1 Pre-discovered Areas 1 | . . 1 Known Exits Taken . | . . . Unknown Exits Taken 2 | 1 1 . Scrap Searched 2 | . . 2 Spaces Dug . | . . . Terrain Destroyed . | . . . Melee . | . . . Projectile . | . . . AOE . | . . . Terrain Rammed . | . . . Walls Destroyed . | . . . Machines Disabled . | . . . Actions | -11 -10 -10 --------- Run | Yrd Mat Sub Total 2062 | 235 1036 791 Wait 926 | 157 662 107 Move 1007 | 72 332 603 Hop . | . . . Pick Up 10 | . 4 6 Fast Attach 15 | 6 4 5 Attach 2 | . . 2 Detach . | . . . Swap 8 | . . 8 Drop 11 | . 1 10 Fire 79 | . 32 47 Melee . | . . . Ram 1 | . 1 . Kick . | . . . Crush . | . . . Escape Stasis . | . . . Rewire . | . . . Trap . | . . . Miscellaneous 3 | . . 3 Route ------- -11/Scrapyard -10/Materials (discovered 4 exits: [*Mat] / [*Min x2] / [*Sub]) -10/Subcaves (discovered 1 exit: [*Mat]) History --------- Turn | Location | Event 20 | -11/Scrapyard | Discovered new exit (range 15) 232 | -11/Scrapyard | Entered Materials 316 | -10/Materials | Build established: Mutant 818 | -10/Materials | Discovered new exit (range 8) 845 | -10/Materials | Discovered new exit (range 9) 874 | -10/Materials | Discovered new exit (range 7) 1313 | -10/Materials | Discovered new exit (range 5) 1333 | -10/Materials | Entered Subcaves 1335 | -10/Subcaves | Ambushed by Subdwellers from Twisted Machinery 1355 | -10/Subcaves | Core integrity fell below 50% 1451 | -10/Subcaves | Learned location of Storage (-9) 1531 | -10/Subcaves | A swath of the cavern ceiling suddenly collapsed 1606 | -10/Subcaves | Core integrity fell below 20% 1655 | -10/Subcaves | Ambushed by angry Subdweller bent on revenge 1711 | -10/Subcaves | Ambushed by angry Subdweller bent on revenge 1956 | -10/Subcaves | Shifting Twisted Machinery released Barrage Gun 1961 | -10/Subcaves | Discovered new exit (range 10) 2045 | -10/Subcaves | Disturbed a concealed Subdweller 2249 | -10/Subcaves | Destroyed by XH-TRR(R) with Subdweller Laser Last Messages --------------- 02000_ Critical hit (Burn: +37). 02002_ Y-45 Defender destroyed. 02007_ Acquired 18 matter. 02014_ Heat Sink fries itself beyond repair. 02019_ Lgt. Treads fries itself beyond repair. 02043_ Searching scrap... 02043_ Found Mak. Hammer. 02043_ Found 42 Matter. 02044_ Searching scrap... 02044_ Found Mak. Light Armor Plating. 02044_ Found Sub. Power Source. 02044_ Found 50 Matter. 02054_ SW-A6Q(R) affixes Scrap Shield Fragment to Scrap Shield. 02058_ SW-A6Q(R) destroyed. 02062_ Acquired 16 matter. 02064_ Scrap Shield Fragment affixed to Scrap Shield (+36). 02221_ G-34 Mercenary destroyed. 02231_ G-47 Trooper destroyed. 02240_ Particle Gun fries itself beyond repair. 02241_ Acquired 12 matter. Map ----- +----------------------------------------------------+ | # ##???????###???????????????????????????????????? | | ##?????## #???????????????????????????????????? | | ##???## #???????????????????????????????????? | | ##??# #???????????????????????????????????? | | #### #???????????????????????????????????? | | ## ##???????????????????????????????????? | | ###?????????"??????????????????????????? | | ##????????""""??????????????????????????? | | #?????????*"" ?? ???????????????????????? | | #### #?????????""% ? ""???????????????????? | | ##?#####?????????# [ """"""#???????????????????? | | #???????????????# """""" ????????????????????? | | #?###?????? ??##""#"" "??????????????????????? | | #?# ##???? ""#""" #???????????????????????? | | #?# #????#""""?# ?????????????????????????? | | ##?# ##???#"""### #??????????????????????????? | | #??# ##???#""##= ##?????????????????????????? | | ##?# ##??# ##%] #?????????????????????????? | | #?# ##??# ! ###?????????????????????????? | | ### #### % ###?####??????###???????????? | | ## = ### ###?## ##??????????? | | ### ## "??????????? | | ### ##?#### "??????????? | | ##?# #?????# ""??????????? | | #?# #?# ## ""??????????? | | #?# ### @ # ""??????????? | | #?# ??### ##### R # ??????????????? | | #?# ### #????####???# #??? ??????????????? | | #?##??########?????????? %##??????????????????? | | ???????????????????????#" ??????????????????? | | ?????????????????????? ?????????????????? | | ?????????????????????# #" # # ????????????????? | | ???????????????????? "## # # ? ???????????????? | | ???????????????????###?? ## ? ??????????????? | | ???????????????????????? ##?# ?#?????????????? | | ??????????????????????? #???? ## ??????????????? | | ???????????????????????# ????? #? ?????????????? | | ???????????????????????##????? ?? #????????????? | | ??????????????????????????????? ????????????????? | | ??????????????????????????????? #???????????????? | | ??????????????????????????????? ?????????????????? | | ?????????????????????????????????????????????????? | | ?????????????????????????????????????????????????? | | ?????????????????????????????????????????????????? | | ?????????????????????????????????????????????????? | | ?????????????????????????????????????????????????? | | ?????????????????????????????????????????????????? | | ?????????????????????????????????????????????????? | | ?????????????????????????????????????????????????? | | ?????????????????????????????????????????????????? | +----------------------------------------------------+ Best States ------------- Heat Dissipation 35 Energy Generation 10 Energy Capacity 250 Matter Stores 300 Matter Capacity 300 Sight Range 16 Terrain Scan Density 10 Armor Coverage 800 Evasion (%) 42 Item Schematics ----------------- None Robot Schematics ------------------ None Fabricated ------------ Nothing Alien Tech Used ----------------- None Achievements -------------- None Challenges ------------ None Game ------ Seed InsulatedPhysicsMultitool Manual? 0 Play Time 00:12:53 Cumulative 66.9 hours Start 2024.09.01 @ 23:59:32 End 2024.09.02 @ 00:12:28 Sessions 1 Manual Loads 0 Difficulty Rogue Special Mode None Game No. 119 Rogue 119 Adventurer 0 Explorer 0 Win Type - Total 0 Types 0/0/0/0/0/0/0/0/0 Lore% 24 Gallery% 45 Achievement% 37 Wizard Run 0 Options --------- Layout 0 ASCII 0 Keyboard 0 Movement Numpad Keybinds 0 Fullscreen 2 Font 18/SmallcapsGlow Map View 76x50 Zoom Use 0% Tactical HUD 1 Map Filters NONE Filters NONE Steam 1 RUN: 5a03a5ce-1094-40b2-a29f-71fed185a842